 Dungeon Crawl Stone Soup version 0.26.1-11-gd32895ea62 (webtiles) character file.

Game seed: 14081232191737845428

149 Almogavar the Sneak (level 5, -1/43 HPs)
             Began as a Gnoll Wanderer on July 13, 2021.
             Slain by Sigmund
             ... wielding a +0 scythe
              (3 damage)
             ... on level 3 of the Dungeon.
             The game lasted 00:07:26 (3176 turns).

Almogavar the Sneak (Gnoll Wanderer)                Turns: 3176, Time: 00:07:26

Health: -1/43      AC:  5    Str: 14    XL:     5   Next: 31%
Magic:  7/7        EV: 15    Int: 15    God:
Gold:   69         SH:  0    Dex: 15    Spells: 6/6 levels left

rFire    . . .     SeeInvis .   a - +2 dagger
rCold    . . .     Faith    .   (no shield)
rNeg     . . .     Spirit   .   e - +0 robe
rPois    .         Reflect  .   (no helmet)
rElec    .         Harm     .   (no cloak)
rCorr    +         Rampage  .   (no gloves)
Will     .....                  u - +2 pair of boots
Stlth    +++.......             (no amulet)
HPRegen  0.14/turn              t - ring of resist corrosion
MPRegen  0.10/turn              (no ring)

@: flying
A: distributed training, fangs 1, strong nose
a: no special abilities


You were on level 3 of the Dungeon.
You visited 1 branch of the dungeon, and saw 3 of its levels.

You collected 69 gold pieces.

Inventory:

Hand Weapons
 a - a +2 dagger (weapon)
 c - a +0 quarterstaff
Missiles
 b - 3 boomerangs (quivered)
 f - 107 stones
 n - 11 arrows
 q - 47 sling bullets
 r - 2 javelins
Armour
 e - a +0 robe (worn)
 m - a +0 ring mail
 u - a +2 pair of boots (worn)
Jewellery
 t - a ring of resist corrosion (left hand)
Wands
 s - a wand of disintegration (15)
Scrolls
 d - 3 scrolls of teleportation
 h - a scroll of immolation {unknown}
 j - 2 scrolls of identify {unknown}
 k - a scroll of fog {unknown}
 l - 3 scrolls of blinking
Potions
 i - a potion of flight
 o - a potion of haste {unknown}
 p - a potion of lignification {unknown}
 v - a potion of heal wounds {unknown}


   Skills:
 + Level 4.7 Fighting
 + Level 1.4 Short Blades
 + Level 1.4 Long Blades
 + Level 1.4 Axes
 + Level 1.4 Maces & Flails
 + Level 2.9 Polearms
 + Level 1.4 Staves
 + Level 1.4 Slings
 + Level 1.4 Bows
 + Level 1.4 Crossbows
 + Level 1.4 Throwing
 + Level 1.4 Armour
 + Level 4.7 Dodging
 + Level 6.1 Stealth
 + Level 1.4 Shields
 + Level 4.7 Unarmed Combat
 + Level 1.4 Spellcasting
 + Level 1.1 Conjurations
 + Level 1.1 Hexes
 + Level 1.1 Summonings
 + Level 1.1 Necromancy
 + Level 1.1 Translocations
 + Level 1.1 Transmutations
 + Level 1.1 Fire Magic
 + Level 1.1 Ice Magic
 + Level 1.1 Air Magic
 + Level 1.1 Earth Magic
 + Level 1.1 Poison Magic
 + Level 1.6 Invocations
 + Level 1.4 Evocations


You had 6 spell levels left.
You didn't know any spells.
Your spell library was empty.

Dungeon Overview and Level Annotations

Branches:
Dungeon (3/15)

Altars:

Annotations:
D:3 Sigmund


Innate Abilities, Weirdness & Mutations

Your experience applies equally to all skills.
You have very sharp teeth.
Your uncanny sense of smell can sniff out nearby items.


Message History

You hit Sigmund.
Sigmund is severely wounded.
You hit Sigmund.
Sigmund is severely wounded.
Sigmund casts a spell at himself.
Sigmund flickers and vanishes!
Deactivating autopickup; reactivate with Ctrl-A.
You hit something. You punch something. Something hits you but does no damage.
You barely miss something. You closely miss something. Something hits you.
* * * LOW HITPOINT WARNING * * *
You hit something. Your bite misses something.
You hear some strange, mumbled words.
A puff of flame appears from out of thin air!
The puff of flame hits you!
* * * LOW HITPOINT WARNING * * *
It was a potion of flight.
You feel very buoyant.
You fly up into the air.
Something hits you.
You die...

#.# #.......# .
..#.# #.###.#.# .
#.#.# #.# #.#.#
.##.#.#####.###.#.##
....#..............#
P...#######........#
P.P.# ##....))..#
.8..# #.......<.#
....######.....{@..#
...................#
...................#
..########.####.##.#
#.## #.# #.##.# K.(#
#.####.##.# #.##
#.........# ###
######.#### #....#


There were no monsters in sight!

Vanquished Creatures
  A worker ant (D:2)
  2 hound zombies (D:3)
  4 adders (D:2)
  A howler monkey skeleton (D:3)
  An adder skeleton (D:3)
  2 dart slugs (D:2)
  3 leopard geckos
  2 giant cockroaches
  4 goblins
  6 hobgoblins
  5 kobolds
  2 quokkas
  A ball python (D:2)
  A ball python skeleton (D:3)
  3 bats
  A frilled lizard (D:1)
  2 rats (D:2)
41 creatures vanquished.

Vanquished Creatures (others)
  A withered plant (D:3)
1 creature vanquished.

Grand Total: 42 creatures vanquished

Notes
Turn   | Place    | Note
-------+----------+-------------------------------------------
     0 | D:1      | Almogavar the Gnoll Wanderer began the quest for the Orb.
     0 | D:1      | Almogavar set off with the following items: a +2 dagger, a
                  | potion of berserk rage, a +0 quarterstaff, a scroll of
                  | teleportation, a +0 robe
     0 | D:1      | Reached XP level 1. HP: 20/20 MP: 1/1
   286 | D:1      | Reached XP level 2. HP: 26/26 MP: 2/2
   876 | D:2      | Reached XP level 3. HP: 27/31 MP: 3/3
  1006 | D:2      | Reached skill level 6 in Stealth
  1006 | D:2      | Reached skill level 1 in Invocations
  1312 | D:2      | Reached skill level 1 in Short Blades
  1312 | D:2      | Reached skill level 1 in Long Blades
  1312 | D:2      | Reached skill level 1 in Axes
  1312 | D:2      | Reached skill level 1 in Maces & Flails
  1312 | D:2      | Reached skill level 1 in Staves
  1312 | D:2      | Reached skill level 1 in Slings
  1312 | D:2      | Reached skill level 1 in Bows
  1312 | D:2      | Reached skill level 1 in Crossbows
  1312 | D:2      | Reached skill level 1 in Throwing
  1312 | D:2      | Reached skill level 1 in Armour
  1312 | D:2      | Reached skill level 1 in Shields
  1312 | D:2      | Reached skill level 1 in Spellcasting
  1312 | D:2      | Reached skill level 1 in Evocations
  1566 | D:2      | Reached XP level 4. HP: 38/38 MP: 5/5
  1865 | D:2      | Reached skill level 1 in Conjurations
  1865 | D:2      | Reached skill level 1 in Hexes
  1865 | D:2      | Reached skill level 1 in Summonings
  1865 | D:2      | Reached skill level 1 in Necromancy
  1865 | D:2      | Reached skill level 1 in Translocations
  1865 | D:2      | Reached skill level 1 in Transmutations
  1865 | D:2      | Reached skill level 1 in Fire Magic
  1865 | D:2      | Reached skill level 1 in Ice Magic
  1865 | D:2      | Reached skill level 1 in Air Magic
  1865 | D:2      | Reached skill level 1 in Earth Magic
  1865 | D:2      | Reached skill level 1 in Poison Magic
  2417 | D:3      | Reached XP level 5. HP: 38/43 MP: 5/7
  2767 | D:3      | Noticed Sigmund
  3175 | D:3      | HP: 2/43 [something/puff of flame (8)]
  3176 | D:3      | Slain by Sigmund

Illustrated notes

Levels and vault maps discovered:
D:1:      roderic_chinese_lattice_arrival, layout_rooms
D:2:      layout_basic
D:3:      cheibrodos_greedy_goblins, layout_loops_ring, serial_undead,
          serial_undead_f, serial_undead_c, serial_undead_e, serial_undead_a,
          serial_undead_e, serial_undead_a, uniq_sigmund

Skill      XL: |  1  2  3  4 |
---------------+-------------+-----
Stealth        | 6 |  6.1
Invocations    | 1 |  1.6
Short Blades   | 1 |  1.4
Long Blades    | 1 |  1.4
Axes           | 1 |  1.4
Maces & Flails | 1 |  1.4
Staves         | 1 |  1.4
Slings         | 1 |  1.4
Bows           | 1 |  1.4
Crossbows      | 1 |  1.4
Throwing       | 1 |  1.4
Armour         | 1 |  1.4
Shields        | 1 |  1.4
Spellcasting   | 1 |  1.4
Evocations     | 1 |  1.4
Conjurations   | 1 |  1.1
Hexes          | 1 |  1.1
Summonings     | 1 |  1.1
Necromancy     | 1 |  1.1
Translocations | 1 |  1.1
Transmutations | 1 |  1.1
Fire Magic     | 1 |  1.1
Ice Magic      | 1 |  1.1
Air Magic      | 1 |  1.1
Earth Magic    | 1 |  1.1
Poison Magic   | 1 |  1.1
Fighting       | |  4.7
Polearms       | |  2.9
Dodging        | |  4.7
Unarmed Combat | |  4.7

Action                   |  1- 3 |  4- 6 || total
-------------------------+-------+-------++-------
Melee: Quarterstaff      |    11 |       ||    11
       Dagger            |    77 |   116 ||   193
       Bite              |     4 |    11 ||    15
       Punch             |     2 |     4 ||     6
Throw: Stone             |     5 |       ||     5
       Boomerang         |       |     9 ||     9
  Use: Potion            |     2 |     2 ||     4
       Scroll            |       |     1 ||     1
 Stab: Sleeping          |     7 |     2 ||     9
Armor: Robe              |     6 |    18 ||    24
Dodge: Dodged            |    57 |    90 ||   147
